 Dungeon Crawl Stone Soup version 0.31-a0-1603-gbec6b6ccbf (webtiles) character file.

Game seed: 11971709673961939860

3 Curundu the Chopper (level 1, -1/19 HPs)
             Began as a Minotaur Berserker on Jan 7, 2024.
             Was a Follower of Trog.
             Killed from afar by a dart slug (4 damage)
             ... with a slug dart
             ... on level 1 of the Dungeon.
             The game lasted 00:00:13 (24 turns).

Curundu the Chopper (Minotaur Berserker)              Turns: 24, Time: 00:00:14

Health: -1/19      AC:  2    Str: 21    XL:     1   Next: 41%
Magic:  0/0        EV: 12    Int:  4    God:    Trog [*.....]
Gold:   0          SH:  0    Dex:  9    Spells: 0/0 levels left

rFire   . . .        a - +0 hand axe
rCold   . . .        (no shield)
rNeg    . . .        b - +0 animal skin
rPois   .            (helmet restricted)
rElec   .            (no cloak)
rCorr   .            (no gloves)
SInv    .            (no boots)
Will    .....        (no amulet)
Stlth   +            (no ring)
HPRegen 0.23/turn    (no ring)
MPRegen 0.07/turn

%: no passive effects
@: no status effects
A: horns 2, retaliatory headbutt
a: Renounce Religion, Berserk


You were on level 1 of the Dungeon.
You worshipped Trog.
Trog was aware of your devotion.
You visited 1 branch of the dungeon, and saw 1 of its levels.

Inventory:

Hand Weapons
 a - a +0 hand axe (weapon)
Armour
 b - a +0 animal skin (worn)


   Skills:
 - Level 3.6 Fighting
 + Level 3.9 Axes
 - Level 2.4 Armour
 - Level 2.1 Dodging


You couldn't memorise any spells.
You didn't know any spells.
Your spell library was empty.

Dungeon Overview and Level Annotations

Branches:
Dungeon (1/15)

Altars:


Innate Abilities, Weirdness & Mutations

You have a pair of horns on your head.
You reflexively headbutt those who attack you in melee.


Message History

The frilled lizard barely misses you. The kobold completely misses you.
The frilled lizard bites you.
You see here a +0 club.
You slash the kobold!
You kill the kobold!
Trog accepts your kill.
You hit the frilled lizard.
You kill the frilled lizard!
Trog accepts your kill.
You closely miss the goblin. The goblin hits you with a +0 club.
The bat hits you. The goblin hits you with a +0 club.
Things that are here:
a +0 dagger; 3 stones; a kobold corpse You closely miss the quokka.
You hit the bat. You barely miss the goblin.
The bat hits you but does no damage. The quokka bites you.
The goblin barely misses you.
You hit the quokka.
The quokka is almost dead.
You closely miss the goblin. The bat misses you. You furiously retaliate!
You headbutt the bat.
You kill the bat!
Trog accepts your kill. The quokka barely misses you.
The goblin closely misses you. The quokka misses you.
You closely miss the quokka.
The quokka is almost dead.
You hit the goblin. You hit the dart slug but do no damage.
The goblin hits you with a +0 club. The dart slug bites you.
The quokka bites you.
* * * LOW HITPOINT WARNING * * *
You hit the quokka.
You kill the quokka!
Trog accepts your kill.
You hit the goblin.
You kill the goblin!
Trog accepts your kill.
You hit the dart slug. The dart slug launches a dart at you.
The slug dart hits you.
You die...

#<# #.# #.# #.# ####
#####.#######..#
...............##### #
#####.#######......##...
#.#.................
#.#........)@.......
#.#........†)w......
#.##.........!......
8(8#................
#.##................
.##..............
#..#...........
#..##.....##...


You could see a dart slug.

Vanquished Creatures
  A bat (D:1)
  A quokka (D:1)
  A frilled lizard (D:1)
  2 goblins (D:1)
  A kobold (D:1)
6 creatures vanquished.

Notes
Turn   | Place    | Note
-------+----------+-------------------------------------------
     0 | D:1      | Curundu the Minotaur Berserker began the quest for the Orb.
     0 | D:1      | Reached XP level 1. HP: 19/19 MP: 0/0
    24 | D:1      | Killed from afar by a dart slug

Illustrated notes

Levels and vault maps discovered:
D:1:      lemuel_arrival_cross, layout_rooms, minmay_misc_feat_diagonals

Action                     || total
---------------------------++-------
  Melee: Hand axe          ||     6
 Armour: Animal skin       ||    11
  Dodge: Dodged            ||     8

Table legend: (Time is in decaauts)
 A = Elapsed time spent in this place.
 B = Non-inter-level travel time spent in this place.
 C = Inter-level travel time spent in this place.
 D = Time resting spent in this place.
 E = Time spent auto-exploring this place.
 F = Levels seen in this place.
 G = Mean time per level.
                   A        B        C        D        E       F      G
               +--------+--------+--------+--------+--------+-----+--------+
         Total |     24 |     24 |      0 |      0 |      9 |   1 |   24.0 |
       Dungeon |     24 |     24 |      0 |      0 |      9 |   1 |   24.0 |
               +--------+--------+--------+--------+--------+-----+--------+

Top non-repeatable levels by time:
     D:1: 24 daAuts
